 Dungeon Crawl Stone Soup version 0.31.0-7-gf635a9b802 (webtiles) character file.

Game seed: 8037029457441296561

921 Patrick2011b the Shooter (level 8, -9/54 HPs)
             Began as a Djinni Hunter on Jan 23, 2024.
             Was an Elder of Elyvilon.
             Mangled by a +8 quarterstaff of Undoing {spect, Str-4 Dex+3 Stlth+} (15 damage)
             ... created by a gnoll sergeant
             ... on level 5 of the Dungeon.
             The game lasted 00:20:05 (3028 turns).

Patrick2011b the Shooter (Djinni Hunter)            Turns: 3028, Time: 00:20:06

Health: -9/54      AC:  3    Str: 10    XL:     8   Next: 31%
Gold:   202        EV: 12    Int: 10    God:    Elyvilon [****..] SH:  0 Dex: 26

rFire   + + .        s - +2 short sword (venom)
rCold   . . .        (no shield)
rNeg    . . .        c - +0 leather armour
rPois   ∞            (no helmet)
rElec   .            (no cloak)
rCorr   .            (no gloves)
SInv    .            (boots unavailable)
Will    .....        t - amulet of regeneration
Stlth   ++           v - ring of protection from cold
HPRegen 1.09/turn    l - +6 ring of dexterity
MPRegen 0.00/turn

%: infuse magic (-10 HP)
@: weak-willed, flying
A: sickness immunity, fire resistance 2, cold vulnerability 1, float, innate
caster, HP casting, extra vitality 1
a: Renounce Religion, Purification, Heal Other, Heal Self


You were on level 5 of the Dungeon.
You worshipped Elyvilon.
Elyvilon was greatly pleased with you.
You visited 2 branches of the dungeon, and saw 6 of its levels.
You also visited: Sewer.

You collected 202 gold pieces.

Inventory:

Hand Weapons
 a - a +0 shortbow
 s - a +2 short sword of venom (weapon)
Armour
 c - a +0 leather armour (worn)
 d - a +0 ring mail
Jewellery
 f - a +6 ring of intelligence
 l - a +6 ring of dexterity (right hand)
 t - an amulet of regeneration (around neck)
 v - a ring of protection from cold (left hand)
Wands
 m - a wand of flame (11)
Scrolls
 b - a scroll of butterflies
 e - 2 scrolls of vulnerability
 g - a scroll of brand weapon {unknown}
 i - a scroll of fog {unknown}
 j - 2 scrolls of fear
 q - 2 scrolls of enchant weapon {unknown}
 r - 2 scrolls of teleportation {unknown}
 u - a scroll of blinking {unknown}
 w - a scroll of poison {unknown}
Potions
 h - a potion of resistance
 k - a potion of brilliance
 n - a potion of cancellation {unknown}
 p - a potion of mutation


   Skills:
 - Level 2.0 Fighting
 + Level 6.9 Ranged Weapons
 - Level 2.1 Dodging
 - Level 0.7 Stealth
 + Level 4.0 Spellcasting
 + Level 4.0 Conjurations
 + Level 4.0 Hexes
   Level 0.0 Charms
 + Level 4.0 Summonings
 + Level 4.0 Necromancy
 + Level 4.0 Translocations
   Level 0.0 Transmutations
 + Level 4.0 Fire Magic
 + Level 4.0 Ice Magic
 + Level 4.0 Air Magic
 + Level 4.0 Earth Magic
 + Level 4.0 Alchemy


You knew the following spells:

 Your Spells              Type           Power      Damage    Failure   Level
a - Apportation           Tloc           20%        N/A       7%          1
b - Jinxbite              Hex            20%        N/A       10%         2
c - Mephitic Cloud        Conj/Alch/Air  10%        N/A       21%         3
Your spell library was empty.

Dungeon Overview and Level Annotations

Branches:
Dungeon (5/15)             Temple (1/1) D:4           Sewer (visited)

Altars:
Cheibriados
Dithmenos
Elyvilon
Fedhas
Gozag
Hepliaklqana
Makhleb
Nemelex Xobeh
Okawaru
Qazlal
Ru
Trog
Uskayaw
Wu Jian
Xom
Yredelemnul
Zin
The Shining One

Annotations:
D:5 2 transporters, Esekla's ghost, amateur DrDe


Innate Abilities, Weirdness & Mutations

You are immune to sickness and miasma.
You are immune to poison.
Your flesh is very heat resistant. (rF++)
You are vulnerable to cold. (rC-)
You float through the air rather than walking.
You learn spells naturally, not from books.
Your magical power is your life essence.
You have superior vitality. (+4 MHP)


Message History

Fire: a) +0 shortbow
Press: ? - help, Q - select action, (/) - cycle Shift-Dir - straight line, f/p - gnoll sergeant
Aim: a gnoll sergeant, wielding the +8 quarterstaff of Undoing {spect, Str-4 Dex+3 Stlth+} and wearing a +0 ring mail (lightly wounded, heavily drained, chance to call a sprite on attack: 52%, 75% to hit)
You shoot an arrow.
The arrow closely misses the gnoll sergeant.
The arrow closely misses the gnoll.
The gnoll shouts!
Your +2 short sword of venom begins to drip with poison!
s - a +2 short sword of venom (weapon)
The gnoll sergeant hits you with the +8 quarterstaff of Undoing {spect, Str-4 Dex+3 Stlth+}.
The +8 quarterstaff of Undoing {spect, Str-4 Dex+3 Stlth+} hits you!
A gnoll comes into view.
It is wielding a +0 spear and quivering 2 throwing nets.
A +8 quarterstaff of Undoing {spect, Str-4 Dex+3 Stlth+} comes into view.
You barely miss the gnoll sergeant.
The gnoll sergeant is lightly wounded.
A giggling sprite leaps out and bonks the gnoll sergeant with the +8 quarterstaff of Undoing {spect, Str-4 Dex+3 Stlth+}.
The gnoll sergeant is moderately wounded.
The gnoll sergeant barely misses you.
The +8 quarterstaff of Undoing {spect, Str-4 Dex+3 Stlth+} closely misses you.
You barely miss the gnoll sergeant.
The gnoll sergeant is moderately wounded.
The gnoll sergeant hits you with the +8 quarterstaff of Undoing {spect, Str-4 Dex+3 Stlth+}.
The +8 quarterstaff of Undoing {spect, Str-4 Dex+3 Stlth+} hits you!
The jinxing sprites lose interest in you.
The +8 quarterstaff of Undoing {spect, Str-4 Dex+3 Stlth+} attacks as it pursues you!
You barely miss the gnoll sergeant.
The gnoll sergeant is moderately wounded.
The +8 quarterstaff of Undoing {spect, Str-4 Dex+3 Stlth+} disappears.
The gnoll sergeant barely misses you.
The +8 quarterstaff of Undoing {spect, Str-4 Dex+3 Stlth+} hits you!!
* * * LOW HITPOINT WARNING * * *
The gnoll shouts!
A +8 quarterstaff of Undoing {spect, Str-4 Dex+3 Stlth+} comes into view.
The gnoll sergeant seems less drained.
You feel better.
The +8 quarterstaff of Undoing {spect, Str-4 Dex+3 Stlth+} disappears.
The gnoll sergeant hits you with the +8 quarterstaff of Undoing {spect, Str-4 Dex+3 Stlth+}!
* * * LOW HITPOINT WARNING * * *
The +8 quarterstaff of Undoing {spect, Str-4 Dex+3 Stlth+} hits you!
You die...

..###..©#$=.©# #.# #...#
#.# ##o.#?#... ##.####...#
..# #.##.#.?.#.#©.[......#
..# #.# .#.##..##........#
..####.#.#...#..5#..g.....#
#......##..#.:..##......)##
#....<..# ..©..##g.......#
#.>...#.## #####g(########
#.....#..###....@##
#..............###
#...)..........#
....>..........#
####)#.........#
.........(#.####
...#÷#........#
..)..#........#
..)###..[.....#


You could see a gnoll sergeant, a +8 quarterstaff of Undoing {spect, Str-4 Dex+3
Stlth+} (wandering) and 2 gnolls.

Vanquished Creatures
  Pargi (Sewer)
  A black bear (D:4)
  An ice beast (D:5)
  A kobold brigand (Sewer)
  A brain worm (Sewer)
  A scorpion (D:5)
  2 bombardier beetles (D:4)
  A jelly (D:4)
  4 orc priests
  Natasha (D:2)
  An orc wizard (D:5)
  A gnoll (D:5)
  7 adders
  A white imp (D:5)
  2 ufetubi (D:5)
  A ribbon worm (D:4)
  2 dart slugs
  11 orcs
  10 endoplasms
  5 giant cockroaches
  6 goblins
  6 hobgoblins
  2 jackals (D:3)
  2 quokkas
  4 ball pythons (D:3)
  4 bats
  7 frilled lizards
  12 kobolds
  7 rats
105 creatures vanquished.

Notes
Turn   | Place    | Note
-------+----------+-------------------------------------------
     0 | D:1      | Patrick2011b the Djinni Hunter began the quest for the Orb.
     0 | D:1      | Reached XP level 1. HP: 18/18 MP: 0/0
    97 | D:1      | Reached XP level 2. HP: 22/23 MP: 0/0
   152 | D:1      | Found a faded altar of an unknown god.
   203 | D:1      | Prayed at the altar of an unknown god.
   203 | D:1      | Became a worshipper of Elyvilon the Healer
   203 | D:1      | Reached * piety under Elyvilon
   298 | D:1      | Reached XP level 3. HP: 28/28 MP: 0/0
   298 | D:1      | Learned a level 1 spell: Apportation
   350 | D:1      | Reached skill level 4 in Ranged Weapons
   560 | D:2      | Reached XP level 4. HP: 26/33 MP: 0/0
   730 | D:2      | Reached ** piety under Elyvilon
   882 | D:2      | Noticed Natasha
   890 | D:2      | Killed Natasha
  1113 | D:3      | Reached XP level 5. HP: 38/38 MP: 0/0
  1113 | D:3      | Learned a level 2 spell: Jinxbite
  1245 | D:3      | Found a sacrificial altar of Ru.
  1289 | D:3      | Reached skill level 5 in Ranged Weapons
  1732 | D:4      | Reached skill level 1 in Spellcasting
  1732 | D:4      | Reached skill level 1 in Conjurations
  1732 | D:4      | Reached skill level 1 in Hexes
  1732 | D:4      | Reached skill level 1 in Summonings
  1732 | D:4      | Reached skill level 1 in Necromancy
  1732 | D:4      | Reached skill level 1 in Translocations
  1732 | D:4      | Reached skill level 1 in Fire Magic
  1732 | D:4      | Reached skill level 1 in Ice Magic
  1732 | D:4      | Reached skill level 1 in Air Magic
  1732 | D:4      | Reached skill level 1 in Earth Magic
  1732 | D:4      | Reached skill level 1 in Alchemy
  1741 | D:4      | Reached *** piety under Elyvilon
  1755 | D:4      | Found a sparkling altar of Nemelex Xobeh.
  1824 | D:4      | Reached XP level 6. HP: 43/43 MP: 0/0
  1838 | D:4      | Found a glowing drain.
  1877 | D:4      | Found a staircase to the Ecumenical Temple.
  1886 | Temple   | Entered the Ecumenical Temple
  1922 | Sewer    | Entered a sewer
  2024 | Sewer    | Noticed Pargi
  2032 | Sewer    | Killed Pargi
  2033 | Sewer    | Reached XP level 7. HP: 47/49 MP: 0/0
  2033 | Sewer    | Learned a level 3 spell: Mephitic Cloud
  2050 | Sewer    | Reached skill level 6 in Ranged Weapons
  2580 | D:5      | Entered Level 5 of the Dungeon
  2637 | D:5      | Reached XP level 8. HP: 43/54 MP: 0/0
  2654 | D:5      | Found a transporter.
  2661 | D:5      | Found a transporter.
  2681 | D:5      | Noticed Esekla's ghost (amateur DrDe)
  2699 | D:5      | Reached **** piety under Elyvilon
  3017 | D:5      | Identified the +8 quarterstaff of Undoing {spect, Str-4
                  | Dex+3 Stlth+}
  3026 | D:5      | HP: 2/54 [+8 quarterstaff of Undoing {spect, Str-4 Dex+3
                  | Stlth+}[a gnoll sergeant] (24)]
  3028 | D:5      | Mangled by a +8 quarterstaff of Undoing {spect, Str-4 Dex+3
                  | Stlth+}

Illustrated notes

Levels and vault maps discovered:
D:1:      minmay_arrival_split_and_join, layout_rooms,
          chequers_ecumenical_altar_island
D:2:      layout_basic, uniq_natasha
D:3:      layout_loops_cross, grunt_temple_overflow_open, dk_noncrumbling_2
D:4:      layout_basic, kennysheep_mini, minmay_temple_entry_poolview,
          gup_sewer_entry_glass, minmay_misc_feat_enclosed, st_stairs_10,
          minmay_misc_feat_doors, minmay_stone_trees_small
D:5:      kennysheep_steamy, layout_basic, gammafunk_ghost_stat_death
Temple:   mainiacjoe_temple_bowtie_tessellation

Skill      XL: |  1  2  3  4  5  6  7  8 |
---------------+-------------------------+-----
Ranged Weapons | 4 5 6 |  6.9
Spellcasting   | 1 2 3 4 |  4.0
Conjurations   | 1 2 3 4 |  4.0
Hexes          | 1 2 3 4 |  4.0
Summonings     | 1 2 3 4 |  4.0
Necromancy     | 1 2 3 4 |  4.0
Translocations | 1 2 3 4 |  4.0
Fire Magic     | 1 2 3 4 |  4.0
Ice Magic      | 1 2 3 4 |  4.0
Air Magic      | 1 2 3 4 |  4.0
Earth Magic    | 1 2 3 4 |  4.0
Alchemy        | 1 2 3 4 |  4.0
Fighting       | |  2.0
Dodging        | |  2.1
Stealth        | |  0.7

Action                     |  1- 3 |  4- 6 |  7- 9 || total
---------------------------+-------+-------+-------++-------
  Melee: Short sword       |       |    34 |    47 ||    81
         Punch             |       |     2 |     1 ||     3
   Fire: Shortbow          |    99 |   115 |    59 ||   273
   Cast: Jinxbite          |       |       |     1 ||     1
  Evoke: Wand              |       |       |     4 ||     4
    Use: Scroll            |       |     6 |     3 ||     9
         Potion            |       |       |     1 ||     1
 Armour: Ring mail         |    27 |    48 |    51 ||   126
         Leather armour    |       |       |     7 ||     7
  Dodge: Dodged            |    32 |    42 |    39 ||   113
